 Dungeon Crawl Stone Soup version 0.15.2 (webtiles) character file.

840 bullock the Ruinous (level 8, 0/44 HPs)
             Began as a Gargoyle Wizard on Nov 26, 2014.
             Killed from afar by Natasha (11 damage)
             ... with a magic dart
             ... on Level 5 of the Dungeon.
             The game lasted 00:17:31 (4977 turns).

bullock the Ruinous (Gargoyle Wizard)               Turns: 4977, Time: 00:17:31

HP   0/44        AC 11     Str 10      XL: 8   Next:  0%
MP   0/20        EV  9     Int 22      God:
Gold 164         SH  0     Dex  8      Spells:  5 memorised,  6 levels left

rFire  . . .     SeeInvis .     t - +1 hand axe (venom)
rCold  + . .     Clarity  .     h - +0 ring mail
rNeg   + . .     rCorr    .     (no shield)
rPois  +         rRot     +     (no helmet)
rElec  +         Spirit   +     (no cloak)
SustAb .         Warding  .     r - +0 pair of gloves
rMut   .         Stasis   .     (no boots)
Gourm  .                        e - amulet of guardian spirit
MR     .....                    (no ring)
                                g - ring of protection from cold

@: repel missiles, not resistant to hostile enchantments, very unstealthy
A: negative energy resistance 1, electricity resistance, unbreathing,
petrification resistance, rot immunity, AC +5
a: no special abilities


You were on level 5 of the Dungeon.
You were very hungry.

You visited 1 branch of the dungeon, and saw 5 of its levels.

You collected 164 gold pieces.

Inventory:

Hand weapons
 t - a +1 hand axe of venom (weapon)
Armour
 h - a +0 ring mail (worn)
 r - a +0 pair of gloves (worn)
Magical devices
 p - a wand of slowing (4)
 u - a wand of fireball (2)
 y - a wand of random effects (11) {unknown}
Comestibles
 b - 2 fruits
 d - 4 bread rations
 q - a slice of pizza
Scrolls
 i - a scroll of remove curse {unknown}
 j - a scroll of recharging {unknown}
 m - 3 scrolls of identify {unknown}
 n - 4 scrolls of teleportation {unknown}
 o - 2 scrolls of magic mapping {unknown}
 v - 2 scrolls of random uselessness {unknown}
 x - a scroll of enchant armour {unknown}
Jewellery
 e - an amulet of guardian spirit (around neck)
 g - a ring of protection from cold (left hand)
 w - an uncursed ring of magical power {unknown}
Potions
 a - a potion of mutation {unknown}
 f - 5 potions of heal wounds {unknown}
 k - a potion of curing {unknown}
 l - a potion of brilliance {unknown}
 s - a potion of confusion {unknown}
Books
 c - a book of Minor Magic

   Spells                             Type                      Level
   *Magic Dart                        Conjuration                  1
   *Blink                             Translocation                2
   Call Imp                           Summoning                    2
   *Repel Missiles                    Charms/Air                   2
   Slow                               Hexes                        2
   *Conjure Flame                     Conjuration/Fire             3
   *Mephitic Cloud                    Conjuration/Poison/Air       3


   Skills:
 + Level 2.0 Fighting
 - Level 1.5 Dodging
 - Level 2.1 Stealth
 + Level 5.4 Spellcasting
 + Level 6.7 Conjurations
   Level 0.8 Summonings
 * Level 2.6 Translocations


You had 6 spell levels left.
You knew the following spells:

 Your Spells              Type           Power        Failure   Level  Hunger
a - Magic Dart            Conj           ####         1%          1    None
f - Conjure Flame         Conj/Fire      ###.....     14%         3    ##.....
q - Blink                 Tloc           N/A          10%         2    None
r - Mephitic Cloud        Conj/Pois/Air  ###.....     21%         3    ##.....
v - Repel Missiles        Chrm/Air       #.....       30%         2    None


Dungeon Overview and Level Annotations

Branches:
Dungeon (5/15)             Temple (0/1) D:4

Altars:

Annotations:
D:5 Blork the orc, Menkaure, Natasha


Innate Abilities, Weirdness & Mutations

You are resistant to torment.
You are immune to poison.
Your stone body is very resilient (AC +5).
You resist negative energy.
You are resistant to electric shocks.
You can survive without breathing.
You are immune to petrification.
You are immune to rotting.


Message History

Aiming: Magic Dart
Press: ? - help, Shift-Dir - straight line, f - Natasha
Aim: Natasha The magic dart hits Natasha.
Natasha is moderately wounded.
Casting: Magic Dart
Confirm with . or Enter, or press ? or * to list all spells.
Aiming: Magic Dart
Press: ? - help, Shift-Dir - straight line, f/p - Natasha
Aim: Natasha (moderately wounded)
The magic dart hits Natasha.
Natasha is moderately wounded.
You hit Natasha but do no damage.
Natasha is poisoned.
Natasha is moderately wounded.
Natasha claws you but does no damage.
You hit Natasha but do no damage.
Natasha looks even sicker.
Natasha is heavily wounded.
Natasha stares at you and mumbles some strange words.
The magic dart hits you!
You die...

. #### ....
..# # #. .#
#.# ###.# #..
##...# #####.
##.@#
####.5l.o
#.h#######
#....#### #5##
#.<.# #.####
#.## #..)###.#
#..###.......#
##..h5.>..####
####.....#
#.....#
#.....##


You could see Natasha and a crimson imp.

Vanquished Creatures
  The ghost of trelanon the Chiller, an average VSIE (D:4)
  A hungry ghost (D:5)
  An ogre (D:4)
  A crimson imp (D:3)
  The ghost of trelanon the Cudgeler, a weakling VSSk (D:3)
  A hound (D:4)
  An iguana (D:4)
  3 orc wizards
  A worker ant (D:4)
  Jessica (D:3)
  5 adders
  3 giant mites
  3 worms (D:3)
  An orc skeleton (D:4)
  16 orcs
  7 giant cockroaches
  12 goblins
  13 hobgoblins
  2 jackals (D:3)
  12 kobolds
  A quokka (D:4)
  4 ball pythons
  13 bats
  A giant gecko skeleton (D:4)
  6 giant newts
  13 rats
124 creatures vanquished.

Vanquished Creatures (others)
  An orc wizard (D:4)
1 creature vanquished.

Grand Total: 125 creatures vanquished

Notes
Turn   | Place    | Note
--------------------------------------------------------------
     0 | D:1      | bullock, the Gargoyle Wizard, began the quest for the Orb.
     0 | D:1      | Reached XP level 1. HP: 10/10 MP: 4/4
   237 | D:1      | Reached XP level 2. HP: 15/15 MP: 1/6
   325 | D:1      | Learned a level 2 spell: Blink
   328 | D:1      | Learned a level 2 spell: Repel Missiles
   817 | D:1      | Reached XP level 3. HP: 16/19 MP: 8/8
   822 | D:1      | Learned a level 3 spell: Conjure Flame
  1354 | D:2      | Reached XP level 4. HP: 24/24 MP: 6/10
  1732 | D:3      | Reached skill level 4 in Conjurations
  1732 | D:3      | Reached XP level 5. HP: 22/28 MP: 1/12
  2572 | D:3      | Noticed trelanon's ghost (weakling VSSk)
  2590 | D:3      | Killed trelanon's ghost
  2801 | D:3      | Reached skill level 5 in Conjurations
  2801 | D:3      | Reached XP level 6. HP: 28/32 MP: 3/15
  2955 | D:3      | Noticed Jessica
  2959 | D:3      | Killed Jessica
  3633 | D:4      | Reached skill level 6 in Conjurations
  3660 | D:4      | Reached XP level 7. HP: 33/36 MP: 4/18
  4003 | D:4      | Reached skill level 5 in Spellcasting
  4075 | D:4      | Noticed trelanon's ghost (average VSIE)
  4186 | D:4      | Killed trelanon's ghost
  4186 | D:4      | Reached skill level 1 in Fighting
  4186 | D:4      | Reached skill level 1 in Translocations
  4318 | D:4      | Found a staircase to the Ecumenical Temple.
  4638 | D:5      | Entered Level 5 of the Dungeon
  4799 | D:5      | Learned a level 3 spell: Mephitic Cloud
  4854 | D:5      | Noticed Menkaure
  4892 | D:5      | Noticed Blork the orc
  4900 | D:5      | Noticed Natasha
  4912 | D:5      | Noticed a hungry ghost
  4973 | D:5      | Killed a hungry ghost
  4973 | D:5      | Reached XP level 8. HP: 13/44 MP: 3/20
  4977 | D:5      | Killed from afar by Natasha

Action                   |  1- 3 |  4- 6 |  7- 9 || total
-------------------------+-------+-------+-------++-------
Melee: Unarmed           |    16 |       |       ||    16
       Hand axe          |    83 |   158 |    77 ||   318
 Cast: Magic Dart        |    52 |   122 |    47 ||   221
       Repel Missiles    |     1 |     2 |     1 ||     4
       Conjure Flame     |       |     4 |     6 ||    10
       Blink             |       |     2 |     7 ||     9
       Mephitic Cloud    |       |       |     1 ||     1
Evoke: Wand              |       |     1 |     1 ||     2
 Stab: Sleeping          |     1 |     1 |       ||     2
  Eat: Chunk             |     1 |     4 |     4 ||     9
       Bread ration      |       |     1 |       ||     1
       Fruit             |       |       |     2 ||     2
